 Dungeon Crawl Stone Soup version 0.31-a0-431-g88bdf31460 (webtiles) character file.

Game seed: 8161576406356860226

25550 quinnr the Zephyrmancer (level 13, -9/82 HPs)
             Began as a Tengu Air Elementalist on July 31, 2023.
             Was an Elder of Vehumet.
             Mangled by a fire elemental (11 damage)
             ... in a volcano.
             The game lasted 00:37:01 (22562 turns).

quinnr the Zephyrmancer (Tengu Air Elementalist)   Turns: 22562, Time: 00:37:02

Health: -9/82      AC: 11    Str:  9    XL:     13   Next: 20%
Magic:  0/27       EV: 19    Int: 21    God:    Vehumet [****..]
Gold:   749        SH:  5    Dex: 14    Spells: 20/30 levels left

rFire   . . .        y - +1 dagger (venom)
rCold   . . .        g - +0 buckler
rNeg    . . .        r - +1 leather armour {rPois}
rPois   +            u - +2 hat
rElec   .            p - +2 cloak
rCorr   .            q - +1 pair of gloves
SInv    +            (boots unavailable)
Will    +....        (no amulet)
Stlth   ++++         z - ring of wizardry
HPRegen 0.33/turn    v - ring of see invisible
MPRegen 0.20/turn

%: wizardry (x1)
@: enlightened, flying quickly and evasively, quick
A: beak, talons 3, nimble flight
a: Renounce Religion


You were in a volcano.
You worshipped Vehumet.
Vehumet was greatly pleased with you.
You visited 3 branches of the dungeon, and saw 14 of its levels.
You also visited: Volcano.

You collected 782 gold pieces.
You spent 33 gold pieces at shops.


Innate Abilities, Weirdness & Mutations

You have a beak for a mouth.
You have claws for feet.
Your magical nature lets you fly swiftly and evasively.


   Skills:
 - Level 10.0 Fighting
 - Level 2.0 Armour
 + Level 11.2 Dodging
 - Level 8.0 Stealth
 - Level 4.0 Shields
 - Level 9.0 Spellcasting
 - Level 5.0 Conjurations
 + Level 14.6 Air Magic


You had 20 spell levels left.
You knew the following spells:

 Your Spells              Type           Power      Damage    Failure   Level
a - Airstrike             Air            31%        2d(5-21)  1%          4
i - Swiftness             Air            63%        N/A       1%          3
t - Static Discharge      Conj/Air       100%       2-7/arc   1%          2
z - Shock                 Conj/Air       100%       1d9       1%          1

Your spell library contained the following spells:

 Spells                   Type           Power      Damage    Failure   Level
 Sticky Flame             Conj/Fire      19%        2d4       6%          4
 Freeze                   Ice            36%        1d5       1%          1
 Hailstorm                Conj/Ice       19%        3d6       1%          3
 Frozen Ramparts          Ice            18%        1d3       4%          3
 Slow                     Hex            36%        N/A       6%          1
 Iskenderun's Mystic Bla  Conj/Tloc      19%        2d6       6%          4
 Lesser Beckoning         Tloc           18%        N/A       9%          2
 Confusing Touch          Hex            9%         N/A       16%         3
 Gell's Gravitas          Tloc           9%         N/A       16%         3
 Portal Projectile        Hex/Tloc       18%        N/A       16%         3
 Teleport Other           Tloc           9%         N/A       16%         3
 Tukima's Dance           Hex            9%         N/A       16%         3
 Vampiric Draining        Necr           9%         2d6       16%         3

Inventory:

Hand Weapons
 j - a +2 dagger of flaming
 y - a +1 dagger of venom (weapon)
Missiles
 l - 25 poisoned darts
 D - 2 throwing nets {=f}
Armour
 a - a +0 robe
 g - a +0 buckler (worn)
 p - a +2 cloak (worn)
 q - a +1 pair of gloves (worn)
 r - a +1 leather armour of poison resistance (worn)
 u - a +2 hat (worn)
 M - a +1 pair of gloves
Jewellery
 v - a ring of see invisible (right hand)
 z - a ring of wizardry (left hand)
 C - a ring of ice
 Z - a ring of wizardry
Talismans
 O - a storm talisman
Wands
 t - a wand of digging (9)
 A - a wand of flame (48)
 B - a wand of charming (2)
 G - a wand of polymorph (12)
 L - a wand of roots (5)
 N - a wand of mindburst (6)
Scrolls
 d - 2 scrolls of teleportation {@r2}
 i - 2 scrolls of noise
 n - a scroll of fear
 s - 3 scrolls of vulnerability
 F - a scroll of torment
 H - 5 scrolls of poison
 K - a scroll of immolation
Potions
 c - 2 potions of attraction
 e - a potion of heal wounds {@q2}
 f - 2 potions of enlightenment
 h - 3 potions of haste {@q3}
 k - a potion of cancellation
 m - 7 potions of curing {@q1}
 o - a potion of resistance
 x - 2 potions of brilliance
 E - a potion of degeneration
 I - a potion of mutation
 J - 5 potions of might
 P - a potion of ambrosia

Dungeon Overview and Level Annotations

Branches:
Dungeon (9/15)             Temple (1/1) D:6            Lair (4/5) D:9
 Shoals (0/4) Lair:3        Snake (0/4) Lair:2          Orc (0/2) D:9
Volcano (1/1)
  Slime: Lair:4-5

Altars:
Ashenzari
Cheibriados
Dithmenos
Elyvilon
Fedhas
Gozag
Hepliaklqana
Kikubaaqudgha
Makhleb
Nemelex Xobeh
Qazlal
Sif Muna
Trog
Uskayaw
Vehumet
Xom
Yredelemnul
Zin
The Shining One

Shops:
D:4 ! D:5

: ▒.▒▒▒§≈§≈###
▒..e▒▒▒≈§§§###
▒☼Eh○○▒▒▒§≈≈≈###
▒°..▒▒▒≈≈≈§###
▒....e▒▒▒≈§≈§##
▒▒▒....†▒▒▒§≈≈
▒▒▒▒..'§▒▒▒
+ee▒▒▒▒.E∩▒ ▒...
▒.E@▒ ▒..≈.
▒.▒▒▒
▒.....▒▒▒≈≈≈
▒...▒▒▒≈≈≈≈##
+.▒▒▒ §≈≈###
≈### ##


You could see a deep elf pyromancer (fleeing) and 2 fire elementals.


Message History

* * * LOW HITPOINT WARNING * * *
The fire elemental closely misses you.
The deep elf pyromancer mumbles some strange words.
The deep elf pyromancer blinks!
Unknown command.
As you read the scroll of fear, it crumbles to dust.
You assume a fearsome visage.
The deep elf pyromancer looks frightened!
The fire elemental is unaffected. x2; The fire elemental closely misses you.
The fire elemental hits you. The fire elemental burns you!
* * * LOW HITPOINT WARNING * * *
The deep elf pyromancer gestures wildly while chanting.
The deep elf pyromancer blinks!
Unknown command.
Unknown command.
Casting: Shock (safe; 1% risk of failure)
Confirm with . or Enter, or press ? or * to list all spells.
You don't have enough magic to cast this spell.
Unknown command.
Okay, then.
Casting: Shock (safe; 1% risk of failure)
Confirm with . or Enter, or press ? or * to list all spells.
Aiming: Shock (safe; 1% risk of failure)
Press: ? - help, Shift-Dir - straight line, f/p - deep elf pyromancer
Aim: a deep elf pyromancer, wielding a +0 short sword and wearing a +0 chain mail (almost dead, fleeing, 71% to hit)
The zap hits the fire elemental.
The fire elemental resists.
The fire elemental is lightly damaged.
The zap misses the deep elf pyromancer.
The fire elemental misses you. The fire elemental hits you.
The fire elemental burns you!
You die...

Skill      XL: |  1  2  3  4  5  6  7  8  9 10 11 12 13 |
---------------+----------------------------------------+-----
Air Magic      | 5 6 7 11 13 14 | 14.6
Shields        | 1 2 4 |  4.0
Armour         | 1 2 |  2.0
Fighting       | 1 2 4 5 7 10 | 10.0
Dodging        | 3 6 7 9 10 11 | 11.2
Spellcasting   | 3 4 5 6 8 9 |  9.0
Stealth        | 5 6 8 |  8.0
Conjurations   | 3 5 |  5.0

Action                     |  1- 3 |  4- 6 |  7- 9 | 10-12 | 13-15 || total
---------------------------+-------+-------+-------+-------+-------++-------
  Melee: Unarmed           |     5 |     1 |       |       |       ||     6
         Peck              |     2 |       |     1 |    19 |     4 ||    26
         Dagger            |       |       |    14 |    63 |    17 ||    94
         Kick              |       |       |     4 |    27 |     6 ||    37
   Cast: Shock             |    57 |   165 |   158 |   192 |    10 ||   582
         Airstrike         |       |     6 |    80 |   240 |    47 ||   373
         Static Discharge  |       |     6 |     5 |    37 |    13 ||    61
         Swiftness         |       |       |       |       |     1 ||     1
  Evoke: Wand              |       |       |       |     3 |       ||     3
    Use: Scroll            |       |     8 |       |     6 |     8 ||    22
         Potion            |       |       |     1 |       |     2 ||     3
   Stab: Sleeping          |       |       |       |     1 |       ||     1
 Armour: Robe              |     2 |     6 |       |       |       ||     8
         Leather armour    |       |     4 |    12 |    29 |    16 ||    61
  Dodge: Dodged            |    15 |    18 |    36 |   117 |    42 ||   228
  Block: Buckler           |       |     6 |     5 |    38 |     7 ||    56

Levels and vault maps discovered:
D:1:      evilmike_arrival_rings, layout_basic,
          dreamdust_ecumenical_altar_statues
D:2:      layout_basic, basic_altar
D:3:      layout_rooms
D:4:      layout_rooms, serial_forest, infiniplex_forest_corner_2,
          infiniplex_forest_lined_2, infiniplex_forest_corner_2,
          infiniplex_forest_lined_corner, infiniplex_forest_lined_corner,
          infiniplex_forest_clump_C, infiniplex_forest_fountain,
          infiniplex_forest_zigzag_2, serial_shops, nicolae_shop_crystal,
          st_stairs_1, nicolae_eternal_life, nicolae_grassy_gnolls
D:5:      layout_loops_ring, serial_shops, shop, uniq_menkaure
D:6:      minmay_goblin_kobold_castle, layout_gridville,
          nicolae_overflow_squiral, minmay_temple_entry_waves, uniq_pikel
D:7:      minmay_the_grid_four_pointed_star
          [minmay_the_grid_triangle_9x9_corruption,
          minmay_the_grid_triangle_9x9_shrine,
          minmay_the_grid_triangle_9x9_negative_grid,
          minmay_the_grid_triangle_9x9_descending_squares,
          minmay_the_grid_prize_inner_circle], layout_basic, old_standard_altar,
          mainiacjoe_overflow_concentric_impassable,
          chequers_serial_rivers_small_b, uniq_joseph
D:8:      layout_loops_corners, gammafunk_temple_overflow_claw
D:9:      layout_loops_cross, mainiacjoe_overflow_big_doors, dpeg_oklobed_lair,
          david_orc_5, uniq_maurice
Temple:   cyrus_temple_forest
Lair:1:   layout_small_grid, lemuel_fruit_tree, serial_bayou_shore_a
Lair:2:   minmay_lair_oklob_chamber, layout_chaotic_city,
          guppyfry_snake_entry_island, infiniplex_staircase_pool,
          serial_bayou_shore_b, uniq_prince_ribbit2, uniq_erica
Lair:3:   layout_cave_pods, elwin_shoals_entry_rooms, dreamdust_gnoll_shepherd,
          grunt_megastairs_2
Lair:4:   layout_gridlike, nicolae_volcano_entry_hallway
Volcano:  hellmonk_pyromancer_palace

Notes
Turn   | Place    | Note
-------+----------+-------------------------------------------
     0 | D:1      | quinnr the Tengu Air Elementalist began the quest for the
                  | Orb.
     0 | D:1      | Reached XP level 1. HP: 10/10 MP: 4/4
   176 | D:1      | You fall into a shaft and drop 1 floor!
   196 | D:2      | Reached XP level 2. HP: 4/15 MP: 0/6
   267 | D:3      | Reached skill level 5 in Air Magic
   490 | D:3      | Reached XP level 3. HP: 19/19 MP: 0/7
   787 | D:2      | Reached skill level 6 in Air Magic
   822 | D:2      | Found a hazy altar of Hepliaklqana.
   921 | D:2      | Reached XP level 4. HP: 24/24 MP: 4/8
  1254 | D:1      | Found a faded altar of an unknown god.
  1307 | D:1      | Reached skill level 1 in Shields
  2525 | D:2      | Gained mutation: Your magical nature lets you fly swiftly
                  | and evasively. [Tengu growth]
  2525 | D:2      | Reached XP level 5. HP: 23/28 MP: 3/9
  2772 | D:3      | Reached skill level 2 in Shields
  3434 | D:4      | Noticed a phantom
  3490 | D:4      | Noticed an ogre
  3541 | D:3      | Learned a level 3 spell: Swiftness
  3546 | D:3      | Learned a level 4 spell: Airstrike
  3548 | D:4      | Found Lexoewk's Distillery.
  3551 | D:4      | Bought a potion of curing for 33 gold pieces
  3562 | D:4      | Reached skill level 7 in Air Magic
  3566 | D:4      | Reached skill level 1 in Armour
  3566 | D:4      | Reached XP level 6. HP: 33/33 MP: 0/10
  3681 | D:3      | Reached skill level 1 in Fighting
  3758 | D:4      | Reached skill level 3 in Dodging
  3758 | D:4      | Reached skill level 3 in Shields
  4048 | D:4      | Reached skill level 3 in Spellcasting
  4586 | D:4      | Identified a potion of resistance
  4657 | D:5      | Entered Level 5 of the Dungeon
  4666 | D:4      | Learned a level 2 spell: Static Discharge
  4911 | D:5      | Reached skill level 4 in Shields
  4911 | D:5      | Reached XP level 7. HP: 38/38 MP: 2/12
  5061 | D:5      | Found Kaumem's Book Emporium.
  5151 | D:5      | Reached skill level 2 in Fighting
  5151 | D:5      | Reached skill level 3 in Stealth
  5374 | D:5      | Noticed Menkaure
  5376 | D:5      | Killed Menkaure
  5377 | D:5      | Reached skill level 4 in Stealth
  5656 | D:5      | Reached skill level 5 in Stealth
  5779 | D:5      | Reached XP level 8. HP: 45/45 MP: 6/13
  5910 | D:5      | Reached skill level 3 in Fighting
  5964 | D:6      | Noticed a manticore
  5972 | D:5      | Reached skill level 4 in Dodging
  6305 | D:6      | Killed a manticore
  6306 | D:6      | Reached skill level 5 in Dodging
  6429 | D:6      | Reached skill level 4 in Fighting
  6562 | D:6      | Reached skill level 4 in Spellcasting
  6651 | D:6      | Reached skill level 6 in Dodging
  6651 | D:6      | Reached XP level 9. HP: 45/52 MP: 0/16
  7264 | D:6      | Noticed Pikel
  7491 | D:6      | Killed Pikel
  7492 | D:6      | Reached skill level 5 in Fighting
  7492 | D:6      | Reached skill level 7 in Dodging
  7492 | D:6      | Reached skill level 5 in Spellcasting
  7613 | D:6      | Found a staircase to the Ecumenical Temple.
  7649 | Temple   | Entered the Ecumenical Temple
  7777 | D:6      | Reached skill level 8 in Air Magic
  7925 | D:6      | Found a burning altar of Makhleb.
  7927 | D:6      | Found a bloodstained altar of Trog.
  8301 | D:6      | Reached skill level 9 in Air Magic
  9532 | D:7      | Found a hazy altar of Hepliaklqana.
  9791 | D:7      | Noticed Joseph
  9891 | D:6      | Reached skill level 10 in Air Magic
 10300 | D:7      | Found a radiant altar of Vehumet.
 10309 | D:7      | Became a worshipper of Vehumet
 10402 | D:7      | Reached skill level 11 in Air Magic
 10402 | D:7      | Reached XP level 10. HP: 59/59 MP: 0/18
 10462 | D:7      | Noticed a kobold demonologist
 10473 | D:7      | Killed a kobold demonologist
 10474 | D:7      | Reached skill level 2 in Conjurations
 10677 | D:7      | Killed Joseph
 10678 | D:7      | Reached skill level 12 in Air Magic
 11984 | D:8      | Reached skill level 13 in Air Magic
 12309 | D:8      | Noticed a two-headed ogre
 12425 | D:8      | Killed a two-headed ogre
 12426 | D:8      | Reached skill level 6 in Spellcasting
 12726 | D:8      | Found a shimmering altar of Xom.
 12726 | D:8      | Found a blossoming altar of Fedhas.
 12727 | D:8      | Found a snail-covered altar of Cheibriados.
 13086 | D:8      | Noticed a two-headed ogre
 13092 | D:8      | Killed a two-headed ogre
 13093 | D:8      | Reached skill level 6 in Fighting
 13093 | D:8      | Reached skill level 2 in Armour
 13093 | D:8      | Reached skill level 3 in Conjurations
 13721 | D:9      | Reached skill level 7 in Fighting
 13838 | D:9      | Noticed a two-headed ogre
 13843 | D:9      | Killed a two-headed ogre
 13844 | D:9      | Reached skill level 6 in Stealth
 13844 | D:9      | Reached XP level 11. HP: 67/67 MP: 6/21
 13846 | D:9      | Noticed Maurice
 14104 | D:9      | Killed Maurice
 14183 | D:9      | Found a staircase to the Orcish Mines.
 14241 | D:9      | Reached * piety under Vehumet
 14241 | D:9      | Offered knowledge of Magic Dart by Vehumet.
 14304 | D:9      | Found a shimmering blue altar of Sif Muna.
 14305 | D:9      | Found a glowing golden altar of the Shining One.
 14475 | D:9      | Reached skill level 7 in Spellcasting
 14748 | D:9      | Found a staircase to the Lair.
 14900 | Lair:1   | Entered Level 1 of the Lair of Beasts
 15425 | Lair:1   | Reached skill level 8 in Spellcasting
 15708 | Lair:1   | Reached skill level 7 in Stealth
 16012 | Lair:1   | Reached skill level 8 in Stealth
 16028 | Lair:1   | Reached ** piety under Vehumet
 16028 | Lair:1   | Offered knowledge of Momentum Strike by Vehumet.
 16350 | Lair:1   | Reached skill level 8 in Dodging
 16778 | Lair:2   | Noticed Erica
 16782 | Lair:2   | Killed Erica
 16783 | Lair:2   | Reached skill level 9 in Dodging
 16958 | Lair:2   | Reached XP level 12. HP: 72/72 MP: 20/25
 17021 | Lair:2   | Noticed Prince Ribbit
 17041 | Lair:2   | Killed Prince Ribbit
 17045 | Lair:2   | Reached skill level 10 in Dodging
 17365 | Lair:2   | Reached skill level 9 in Spellcasting
 18015 | Lair:2   | Found a staircase to the Snake Pit.
 18165 | Lair:2   | Noticed a catoblepas
 18169 | Lair:2   | Killed a catoblepas
 18355 | Lair:2   | Reached skill level 14 in Air Magic
 19115 | Lair:2   | Reached skill level 8 in Fighting
 19251 | Lair:3   | Offered knowledge of Volatile Blastmotes by Vehumet.
 19661 | Lair:3   | Reached skill level 9 in Fighting
 19795 | Lair:3   | Reached *** piety under Vehumet
 20169 | Lair:3   | Offered knowledge of Sticky Flame by Vehumet.
 20184 | Lair:3   | Reached skill level 10 in Fighting
 20384 | Lair:3   | Reached skill level 4 in Conjurations
 20758 | Lair:3   | Reached skill level 5 in Conjurations
 21053 | Lair:3   | Found a staircase to the Shoals.
 21057 | Lair:3   | Reached XP level 13. HP: 74/82 MP: 15/27
 22056 | Lair:4   | Reached **** piety under Vehumet
 22077 | Lair:4   | Reached skill level 11 in Dodging
 22372 | Lair:4   | Found a dark tunnel.
 22379 | Volcano  | Entered a volcano
 22559 | Volcano  | HP: 1/82 [fire elemental (9)]
 22562 | Volcano  | Mangled by a fire elemental

Vanquished Creatures
  Erica (Lair:2)
  A catoblepas (Lair:2)
  3 two-headed ogres
  A death yak (Lair:4)
  Pikel (D:6)
  An oklob plant (Lair:2)
  A manticore (D:6)
  2 black mambas (Lair:1)
  Maurice (D:9)
  Joseph (D:7)
  7 cane toads
  2 rime drakes (Lair:2)
  5 komodo dragons
  A kobold demonologist (D:7)
  2 merfolk (Lair:3)
  2 polar bears
  A hornet (D:8)
  3 dream sheep (Lair:3)
  Prince Ribbit (Lair:2)
  6 blink frogs
  2 wyverns
  A fire elemental (Volcano)
  35 yaks
  2 steam dragons
  Menkaure (D:5)
  3 nagas (Lair:2)
  2 acid dragons
  9 water moccasins
  A hell hound (Volcano)
  7 orc warriors
  2 ogres
  4 black bears
  An ice beast (D:7)
  9 wolves (Lair:3)
  A centaur (D:6)
  A phantom (D:5)
  A kobold brigand (D:9)
  14 bullfrogs
  A gnoll sergeant (D:7)
  7 scorpions
  3 howler monkeys
  7 electric eels
  9 orc priests
  3 gnoll boudas
  4 jellies
  3 sleepcaps
  An iguana (D:5)
  3 orc wizards
  24 gnolls
  9 adders
  2 shadow imps
  2 white imps (D:7)
  An ufetubus (D:4)
  3 worms
  4 dart slugs
  46 orcs
  8 ball pythons
  10 endoplasms
  6 giant cockroaches
  36 goblins
  21 hobgoblins
  7 jackals
  A quokka (D:3)
  4 bats
  6 frilled lizards
  13 kobolds
  7 rats
390 creatures vanquished.

Table legend: (Time is in decaauts)
 A = Elapsed time spent in this place.
 B = Non-inter-level travel time spent in this place.
 C = Inter-level travel time spent in this place.
 D = Time resting spent in this place.
 E = Time spent auto-exploring this place.
 F = Levels seen in this place.
 G = Mean time per level.
                   A        B        C        D        E       F      G
               +--------+--------+--------+--------+--------+-----+--------+
         Total |  21747 |  20903 |    844 |   3817 |  13745 |  15 | 1449.8 |
       Dungeon |  14502 |  13957 |    545 |   2290 |   9450 |   9 | 1611.3 |
        Temple |     46 |     23 |     23 |      0 |      0 |   1 |   46.0 |
          Lair |   7018 |   6743 |    275 |   1410 |   4287 |   4 | 1754.5 |
       Volcano |    179 |    179 |      0 |    117 |      7 |   1 |  179.0 |
               +--------+--------+--------+--------+--------+-----+--------+

Top non-repeatable levels by time:
  Lair:2: 2999 daAuts
     D:6: 2844 daAuts
  Lair:3: 2066 daAuts
     D:7: 1860 daAuts
  Lair:1: 1713 daAuts
     D:4: 1671 daAuts
     D:8: 1646 daAuts
     D:9: 1573 daAuts
     D:5: 1539 daAuts
     D:1: 1255 daAuts
     D:3: 1125 daAuts
     D:2: 985 daAuts
  Lair:4: 238 daAuts
 Volcano: 179 daAuts
  Temple: 46 daAuts

Table legend:
 A = Non-vault XP
 B = Vault XP
 C = Vault XP percentage of total XP
 D = Non-vault monster count
 E = Vault monster count
 F = Vault count percentage of total count
                 A         B        C        D         E       F
            +---------+---------+-------+---------+---------+-------
      Total |   27641 |    8860 |  24.3 |     270 |     120 |  30.8
            +---------+---------+-------+---------+---------+-------
        D:1 |      55 |       0 |   0.0 |      33 |       0 |   0.0
        D:2 |      84 |       0 |   0.0 |      18 |       0 |   0.0
        D:3 |      58 |      42 |  42.0 |      23 |       3 |  11.5
        D:4 |     313 |      64 |  17.0 |      20 |       4 |  16.7
        D:5 |     681 |     172 |  20.2 |      16 |       1 |   5.9
        D:6 |    1707 |     826 |  32.6 |      20 |      58 |  74.4
        D:7 |     954 |     962 |  50.2 |      27 |       4 |  12.9
        D:8 |    2552 |       0 |   0.0 |      14 |       0 |   0.0
        D:9 |    1538 |    1040 |  40.3 |      16 |      23 |  59.0
     Lair:1 |    5824 |       0 |   0.0 |      25 |       0 |   0.0
     Lair:2 |    7208 |    2706 |  27.3 |      27 |       8 |  22.9
     Lair:3 |    5228 |    2714 |  34.2 |      25 |      17 |  40.5
     Lair:4 |    1439 |       0 |   0.0 |       6 |       0 |   0.0
    Volcano |       0 |     334 | 100.0 |       0 |       2 | 100.0
            +---------+---------+-------+---------+---------+-------

Levels and vault maps discovered:
D:1:      evilmike_arrival_rings, layout_basic,
          dreamdust_ecumenical_altar_statues
D:2:      layout_basic, basic_altar
D:3:      layout_rooms
D:4:      layout_rooms, serial_forest, infiniplex_forest_corner_2,
          infiniplex_forest_lined_2, infiniplex_forest_corner_2,
          infiniplex_forest_lined_corner, infiniplex_forest_lined_corner,
          infiniplex_forest_clump_C, infiniplex_forest_fountain,
          infiniplex_forest_zigzag_2, serial_shops, nicolae_shop_crystal,
          st_stairs_1, nicolae_eternal_life, nicolae_grassy_gnolls
D:5:      layout_loops_ring, serial_shops, shop, uniq_menkaure
D:6:      minmay_goblin_kobold_castle, layout_gridville,
          nicolae_overflow_squiral, minmay_temple_entry_waves, uniq_pikel
D:7:      minmay_the_grid_four_pointed_star
          [minmay_the_grid_triangle_9x9_corruption,
          minmay_the_grid_triangle_9x9_shrine,
          minmay_the_grid_triangle_9x9_negative_grid,
          minmay_the_grid_triangle_9x9_descending_squares,
          minmay_the_grid_prize_inner_circle], layout_basic, old_standard_altar,
          mainiacjoe_overflow_concentric_impassable,
          chequers_serial_rivers_small_b, uniq_joseph
D:8:      layout_loops_corners, gammafunk_temple_overflow_claw
D:9:      layout_loops_cross, mainiacjoe_overflow_big_doors, dpeg_oklobed_lair,
          david_orc_5, uniq_maurice
Temple:   cyrus_temple_forest
Lair:1:   layout_small_grid, lemuel_fruit_tree, serial_bayou_shore_a
Lair:2:   minmay_lair_oklob_chamber, layout_chaotic_city,
          guppyfry_snake_entry_island, infiniplex_staircase_pool,
          serial_bayou_shore_b, uniq_prince_ribbit2, uniq_erica
Lair:3:   layout_cave_pods, elwin_shoals_entry_rooms, dreamdust_gnoll_shepherd,
          grunt_megastairs_2
Lair:4:   layout_gridlike, nicolae_volcano_entry_hallway
Volcano:  hellmonk_pyromancer_palace
